 Dungeon Crawl Stone Soup version 0.20-a0-495-g2241292 (webtiles) character file.

4222 tsouns the Geomancer (level 10, 0/68 HPs)
             Began as an Octopode Earth Elementalist on Jan 18, 2017.
             Was a Believer of Ashenzari.
             Slain by a two-headed ogre
             ... wielding a +0 giant spiked club
              (26 damage)
             ... on level 8 of the Dungeon.
             The game lasted 00:31:23 (7945 turns).

tsouns the Geomancer (Octopode Earth Elementalist)  Turns: 7945, Time: 00:31:24

Health: 0/68       AC:  1    Str:  9    XL:     10   Next: 30%
Magic:  7/20       EV: 13    Int: 20    God:    Ashenzari [**....]
Gold:   243        SH: 11    Dex: 12    Spells: 3/23 levels left

rFire    . . .     SeeInvis .   p - +2 dagger (venom) (curse)
rCold    . . .     Gourm    .   k - +3 buckler (curse)
rNeg     + . .     Faith    .   (helmet restricted)
rPois    .         Spirit   .   q - +4 amulet of reflection
rElec    .         Reflect  +   e - ring of resist corrosion (curse)
rCorr    +         Harm     .   s - ring of positive energy (curse)
MR       .....                  (no ring)
Stlth    ++++......             (no ring)
Regen    0.3/turn               (no ring)
                                (no ring)
                                (no ring)
                                (no ring)

@: no status effects
A: almost no armour, stealthy swim, amphibious, 8 rings, constrict 8, camouflage
1, gelatinous body 1
a: Curse Item, Scrying, Renounce Religion


You were on level 8 of the Dungeon.
You worshipped Ashenzari.
Ashenzari was pleased with you.
You were not hungry.

You visited 2 branches of the dungeon, and saw 9 of its levels.

You collected 327 gold pieces.
You spent 84 gold pieces at shops.

Inventory:

Hand Weapons
 p - a cursed +2 dagger of venom (weapon)
 u - a +0 hunting sling
Missiles
 b - 163 stones (quivered)
 j - 8 javelins
 t - 89 sling bullets
Armour
 k - a cursed +3 buckler (worn)
Jewellery
 e - a cursed ring of resist corrosion (left tentacle)
 q - a +4 amulet of reflection (around mantle)
 s - a cursed ring of positive energy (right tentacle)
Wands
 i - a wand of flame (17/48)
Scrolls
 f - a scroll of remove curse
 n - 2 scrolls of teleportation
 y - 3 scrolls of blinking
 D - a scroll of identify
Potions
 a - 4 potions of curing
 h - 3 potions of heal wounds
 m - a potion of invisibility
 o - a potion of degeneration
 r - a potion of mutation
 v - a potion of berserk rage
 w - 2 potions of flight
 x - a potion of ambrosia
 z - a potion of agility
 C - a potion of haste
Books
 d - a book of Geomancy

   Spells                             Type                      Level
   a - Sandblast                      Earth                        1
   b - Passwall                       Transmutation/Earth          2
   c - Stone Arrow                    Conjuration/Earth            3
   d - Petrify                        Transmutation/Earth          4
   e - Lee's Rapid Deconstruction     Earth                        5
 l - a book of Party Tricks

   Spells                             Type                      Level
   a - Summon Butterflies             Summoning                    1
   b - Apportation                    Translocation                1
   c - Lesser Beckoning               Translocation                3
   d - Tukima's Dance                 Hexes                        3
   e - Alistair's Intoxication        Transmutation/Poison         5
   f - Invisibility                   Hexes                        6
Comestibles
 c - 4 bread rations
 g - 6 meat rations
 A - 4 fruits
 B - a slice of pizza
 E - 2 chunks of flesh


   Skills:
 - Level 5.9 Fighting
 + Level 3.4(5.5) Short Blades
 - Level 2.0 Dodging
 - Level 4.3 Stealth
 - Level 1.0(1.9) Shields
 + Level 7.0 Spellcasting
 - Level 5.6 Conjurations
 - Level 3.4 Transmutations
 + Level 8.2 Earth Magic


You had 3 spell levels left.
You knew the following spells:

 Your Spells              Type           Power        Failure   Level  Hunger
a - Sandblast             Erth           #####.       1%          1    None
b - Stone Arrow           Conj/Erth      ####..       1%          3    #......
c - Passwall              Tmut/Erth      ####......   1%          2    None
d - Petrify               Tmut/Erth      ####....     12%         4    ###....
e - Lee's Rapid Deconstr  Erth           #####.....   14%         5    #####..
f - Apportation           Tloc           #.....       14%         1    None
g - Summon Butterflies    Summ           #.......     14%         1    None
h - Tukima's Dance        Hex            #.......     38%         3    #......


Dungeon Overview and Level Annotations

Branches:
Dungeon (8/15)             Temple (1/1) D:4
   Lair: D:8-11

Altars:
Ashenzari
Cheibriados
Dithmenos
Elyvilon
Fedhas
Gozag
Hepliaklqana
Kikubaaqudgha
Makhleb
Okawaru
Qazlal
Ru
Sif Muna
Trog
Uskayaw
Vehumet
Xom
Yredelemnul
Zin
The Shining One

Shops:
D:4 *   D:5 [


Innate Abilities, Weirdness & Mutations

You cannot wear most types of armour.
You are very stealthy in the water. (Stealth+)
You are amphibious.
You can wear up to eight rings at the same time.
You can use your tentacles to constrict eight enemies at once.
Your skin changes colour to match your surroundings (Stealth+).
Your rubbery body absorbs attacks. (AC +1, EV +1)


Message History

Casting: Stone Arrow
Confirm with . or Enter, or press ? or * to list all spells.
Aiming: Stone Arrow
Press: ? - help, Shift-Dir - straight line, f/p - two-headed ogre
Aim: a two-headed ogre, wielding a giant spiked club and a giant club (heavily wounded)
The stone arrow hits the two-headed ogre.
The two-headed ogre is severely wounded.
The two-headed ogre hits you with a giant spiked club!!
You block the two-headed ogre's attack.
Casting: Stone Arrow
Confirm with . or Enter, or press ? or * to list all spells.
Aiming: Sandblast
Press: ? - help, Shift-Dir - straight line, f/p - two-headed ogre
Aim: a two-headed ogre, wielding a giant spiked club and a giant club (severely wounded)
The blast of sand hits the two-headed ogre.
The two-headed ogre is severely wounded.
b - 163 stones The two-headed ogre hits you with a giant spiked club!!
The two-headed ogre hits you with a giant club!!
You die...

#........# , ,
........## , ,
........## **#
....[....# ##.. *
* .........#
##.... ......##.#
###...... *
.....###.#
##.<...... ....##
#.## ##.........
...##
#..####..@O......
..##
#................
* .##
########.........
## ##.....###
#######


You could see a two-headed ogre.

Vanquished Creatures
  Psyche (D:8)
  Grinder (D:5)
  2 hungry ghosts (D:7)
  2 ice beasts (D:7)
  An orc warrior (D:6)
  2 phantoms (D:6)
  2 sky beasts (D:5)
  A black bear (D:8)
  4 ogres
  3 centaurs
  A crocodile (D:7)
  3 bullfrogs
  A scorpion (D:8)
  6 killer bees (D:7)
  8 wights
  A howler monkey (D:6)
  A centaur zombie (D:7)
  6 hounds
  4 orc priests
  3 jellies
  6 orc wizards
  Terence (D:6)
  3 centaur skeletons
  3 iguanas
  Natasha (thrice) (D:3 D:4)
  3 worker ants
  3 hound zombies
  Robin (D:3)
  A howler monkey skeleton (D:8)
  9 adders
  4 gnolls (D:4)
  A shadow imp (D:7)
  3 oozes
  2 worms (D:3)
  3 dart slugs
  4 leopard geckos
  20 orcs
  8 giant cockroaches
  13 goblins
  11 hobgoblins
  8 jackals
  3 kobolds
  3 quokkas
  2 bats
  2 frilled lizards
  A quokka skeleton (D:8)
  5 rats
179 creatures vanquished.

Vanquished Creatures (others)
  A goblin (D:4)
1 creature vanquished.

Grand Total: 180 creatures vanquished

Notes
Turn   | Place    | Note
-------+----------+-------------------------------------------
     0 | D:1      | tsouns the Octopode Earth Elementalist began the quest for the Orb.
     0 | D:1      | Reached XP level 1. HP: 11/11 MP: 3/3
   432 | D:1      | Reached XP level 2. HP: 17/17 MP: 1/5
   831 | D:2      | Reached XP level 3. HP: 21/21 MP: 4/6
   837 | D:2      | Found an opulent altar of Gozag.
   868 | D:2      | Reached skill level 1 in Shields
  1000 | D:2      | Learned a level 3 spell: Stone Arrow
  1216 | D:2      | Reached XP level 4. HP: 27/27 MP: 4/7
  2040 | D:3      | Found a stormy altar of Qazlal.
  2095 | D:3      | Noticed Natasha
  2100 | D:3      | Killed Natasha
  2100 | D:3      | Reached skill level 4 in Earth Magic
  2100 | D:3      | Reached XP level 5. HP: 22/31 MP: 6/9
  2236 | D:3      | Reached skill level 1 in Conjurations
  2288 | D:3      | Reached skill level 1 in Fighting
  2452 | D:3      | Found a hazy altar of Hepliaklqana.
  2505 | D:3      | Noticed Robin
  2512 | D:3      | Killed Robin
  2795 | D:3      | Learned a level 2 spell: Passwall
  2805 | D:4      | Found a staircase to the Ecumenical Temple.
  2818 | D:4      | Reached XP level 6. HP: 25/38 MP: 1/10
  2831 | Temple   | Entered the Ecumenical Temple
  3212 | D:4      | Noticed Natasha
  3225 | D:4      | Killed Natasha
  3254 | D:4      | Found Nano's Assorted Antiques.
  3312 | D:4      | Bought a scroll of identify for 56 gold pieces
  3312 | D:4      | Bought a scroll labeled ZYPPEDU PEITSO for 28 gold pieces
  3324 | D:4      | Found a shattered altar of Ashenzari.
  3327 | D:4      | Became a worshipper of Ashenzari the Shackled
  3465 | D:4      | Noticed Natasha
  3470 | D:4      | Killed Natasha
  3470 | D:4      | Reached skill level 5 in Earth Magic
  3562 | D:5      | Entered Level 5 of the Dungeon
  3563 | D:5      | Found Bommorog's Armour Shoppe.
  3563 | D:5      | Noticed a sky beast
  3570 | D:5      | Killed a sky beast
  3570 | D:5      | Reached XP level 7. HP: 39/45 MP: 0/12
  3595 | D:5      | Found a radiant altar of Vehumet.
  3767 | D:5      | Learned a level 4 spell: Petrify
  4039 | D:5      | Reached XP level 8. HP: 49/52 MP: 9/14
  4085 | D:5      | Noticed Grinder
  4101 | D:5      | Killed Grinder
  4387 | D:6      | Noticed Terence
  4393 | D:6      | Killed Terence
  4393 | D:6      | Reached skill level 6 in Earth Magic
  4893 | D:6      | Reached * piety under Ashenzari
  5078 | D:6      | Reached skill level 5 in Spellcasting
  5078 | D:6      | Reached skill level 5 in Conjurations
  5087 | D:6      | Found a shadowy altar of Dithmenos.
  5255 | D:6      | Reached XP level 9. HP: 59/59 MP: 9/16
  5491 | D:6      | Reached skill level 5 in Fighting
  5794 | D:7      | Learned a level 5 spell: Lee's Rapid Deconstruction
  5829 | D:7      | Reached skill level 7 in Earth Magic
  6691 | D:7      | Reached skill level 1 in Short Blades
  6911 | D:7      | Reached XP level 10. HP: 49/68 MP: 0/19
  7182 | D:8      | Learned a level 1 spell: Apportation
  7184 | D:8      | Learned a level 1 spell: Summon Butterflies
  7188 | D:8      | Learned a level 3 spell: Tukima's Dance
  7455 | D:8      | Noticed Psyche
  7477 | D:8      | Killed Psyche
  7477 | D:8      | Reached skill level 8 in Earth Magic
  7912 | D:8      | Found a deep blue altar of Sif Muna.
  7912 | D:8      | Reached ** piety under Ashenzari
  7937 | D:8      | Noticed a two-headed ogre
  7945 | D:8      | Slain by a two-headed ogre

Vault maps used:
D:1:      dpeg_arrival_rooms_c
D:2:      lemuel_doored_altar, serial_corexii_hall, corexii_hall_statues_l,
          corexii_hall_statues_x, patterned_corridor
D:3:      lemuel_coloured_pillars_altar, grunt_qazlal_sundering, first_bread,
          minmay_misc_feat_plants, uniq_terence, uniq_robin, uniq_natasha
D:4:      ashenzari_conservatory_becter, serial_shops,
          nicolae_shop_temple_entry_statues_fountains, minmay_goblin_outpost
D:5:      overflow_temple_1_default, serial_shops, shop, uniq_grinder
D:6:      grunt_dithmenos_shadows
D:8:      led_sif_pool, uniq_psyche
Temple:   oiseaux_autumnal_temple

Skill      XL: |  1  2  3  4  5  6  7  8  9 10 |
---------------+-------------------------------+-----
Stealth        | 3 4 |  4.3
Shields        | 1 |  1.0
Earth Magic    | 4 5 6 7 8 |  8.2
Conjurations   | 2 3 5 |  5.6
Fighting       | 1 2 3 4 5 |  5.9
Spellcasting   | 3 4 5 6 7 |  7.0
Transmutations | 3 |  3.4
Short Blades   | 1 3 |  3.4
Dodging        | |  2.0

Action                   |  1- 3 |  4- 6 |  7- 9 | 10-12 || total
-------------------------+-------+-------+-------+-------++-------
Melee: Unarmed           |    13 |       |       |       ||    13
       Constrict         |     6 |    18 |    27 |       ||    51
       Tentacles         |     1 |     9 |    13 |     1 ||    24
       Dagger            |     9 |    60 |    92 |     1 ||   162
 Fire: Hunting sling     |       |     2 |       |       ||     2
Throw: Stone             |     2 |       |       |       ||     2
 Cast: Sandblast         |    25 |    45 |    76 |    16 ||   162
       Stone Arrow       |       |     6 |    63 |    28 ||    97
       Passwall          |       |       |     1 |       ||     1
Invok: Curse Item        |       |       |     3 |     1 ||     4
  Use: Scroll            |     1 |     5 |     6 |     5 ||    17
       Potion            |       |       |     2 |       ||     2
 Stab: Sleeping          |     5 |     7 |     6 |       ||    18
  Eat: Chunk             |     1 |     8 |    10 |     2 ||    21
       Pizza             |       |       |     1 |       ||     1
       Beef jerky        |       |       |     1 |       ||     1
       Bread ration      |       |       |       |     1 ||     1
Armor: Skin              |     4 |     3 |     2 |       ||     9
Dodge: Dodged            |    14 |    23 |    46 |    18 ||   101
Block: Buckler           |     5 |    19 |    55 |    11 ||    90
       Reflection        |       |     3 |     2 |     1 ||     6
